 Dungeon Crawl Stone Soup version 0.25-a0-1137-g7f6bfe4 (webtiles) character file.

Game seed: 8549639222666780757, levelgen mode: deterministic

1024 thirtiethelement the Skirmisher (level 8, -20/61 HPs)
             Began as a Demonspawn Abyssal Knight on May 24, 2020.
             Was a Priest of Lugonu.
             Killed from afar by Dowan (23 damage)
             ... with a shard of ice
             ... on level 4 of the Dungeon.
             The game lasted 00:18:19 (3825 turns).

thirtiethelement the Skirmisher (DsAK)              Turns: 3825, Time: 00:18:19

Health: -20/61     AC:  9    Str: 14    XL:     8   Next: 2%
Magic:  10/10      EV: 14    Int: 13    God:    Lugonu [***...]
Gold:   192        SH:  0    Dex: 12    Spells: 7/7 levels left

rFire    . . .     SeeInvis .   j - +7 dagger "Exoskow" {freeze, Stlth+}
rCold    + . .     Gourm    .   (no shield)
rNeg     . . .     Faith    .   l - +1 ring mail {rPois}
rPois    +         Spirit   .   (helmet restricted)
rElec    .         Reflect  .   h - +2 cloak
rCorr    .         Harm     .   (no gloves)
MR       .....                  (no boots)
Stlth    +++.......             (no amulet)
HPRegen  0.20/turn              (no ring)
MPRegen  0.12/turn              (no ring)

@: no status effects
A: horns 1, repulsion field 1, camouflage 1, cold resistance 1, dopey 1, powered
by death 2
a: Depart the Abyss, Bend Space, Banish, Renounce Religion


You were on level 4 of the Dungeon.
You worshipped Lugonu.
Lugonu was most pleased with you.
You were not hungry.

You visited 1 branch of the dungeon, and saw 4 of its levels.
You visited the Abyss 1 time.
You also visited: Sewer.

You collected 192 gold pieces.

Inventory:

Hand Weapons
 a - a +1 falchion
 i - a +1 long sword
 j - the +7 dagger "Exoskow" (weapon) {freeze, Stlth+}
   (You found it on level 1 of the Dungeon)

   It has been specially enchanted to freeze those struck by it, causing extra
   injury to most foes and up to half again as much damage against particularly
   susceptible opponents.
   It can also slow down cold-blooded creatures.
   It makes you more stealthy.
Missiles
 m - 6 boomerangs (quivered)
Armour
 h - a +2 cloak (worn)
 l - a +1 ring mail of poison resistance (worn)
Wands
 k - a wand of disintegration (6)
Scrolls
 b - a scroll of teleportation
 d - 4 scrolls of fog
 n - a scroll of magic mapping
 o - a scroll of identify
Potions
 e - 3 potions of curing
 f - 2 potions of resistance
 q - 3 potions of flight
Comestibles
 c - 4 rations


   Skills:
 + Level 4.8 Fighting
 + Level 4.5(4.9) Short Blades
 + Level 2.6(3.9) Long Blades
 + Level 0.4 Throwing
 + Level 3.3 Armour
 + Level 3.9 Dodging
 + Level 2.8 Stealth
 + Level 2.6 Invocations
 + Level 0.1 Evocations


You had 7 spell levels left.
You didn't know any spells.
Your spell library was empty.

Dungeon Overview and Level Annotations

Branches:
Dungeon (4/15)             Temple (0/1) D:4           Sewer (visited)

Altars:
Fedhas

Annotations:
D:4 Dowan


Innate Abilities, Weirdness & Mutations

You have a pair of small horns on your head.
You are surrounded by a mild repulsion field. (EV +2)
Your flesh is cold resistant. (rC+)
You regenerate health from kills.
Your skin changes colour to match your surroundings (Stealth+).
You are dopey. (Int -2)


Message History

Evoke which item? (* to show all) (? for menu, Esc to quit)
Aiming: Disintegrate
Press: ? - help, Shift-Dir - straight line, f/p - Duvessa
Aim: Duvessa, wielding a +0 short sword and wearing a +3 scale mail of cold resistance (almost dead, fast, chance to defeat MR: 48%) Duvessa is blasted!
You blow up Duvessa!
Lugonu accepts your kill.
Dowan seems overcome with grief, but rights himself reflexively soon after.
Dowan seems to find hidden reserves of power!
You have reached level 8!
You feel clever.
Your demonic ancestry asserts itself...
The wave of death grows in power.
Evoke which item? (* to show all) (? for menu, Esc to quit)
Aiming: Disintegrate
Press: ? - help, Shift-Dir - straight line, f - Dowan
Aim: Dowan, wielding a +0 dagger, wearing a +0 robe and carrying a wand of polymorph (12) (fast, chance to defeat MR: 65%) Dowan struggles to resist.
Dowan gestures at you while chanting. The shard of ice hits you!!
You partially resist.
You die...

#.....##.....#
#.....##..####
#.....##...#
##.....##...#
#......##..##
#.......####
##.%e...#
##......#
#...@...#
#...)..##
#.....%.#
#.......+
##.....##
......#
#.......
........#


You could see Dowan (fast).

Vanquished Creatures
  Pikel (D:4)
  Duvessa (D:4)
  Edmund (D:4)
  A big kobold (Sewer)
  A scorpion (D:4)
  A bullfrog zombie (D:3)
  A worker ant (D:4)
  3 gnolls (D:4)
  3 adders
  3 river rats
  3 oozes
  An adder skeleton (D:4)
  4 worms
  2 orcs
  A ball python (D:3)
  4 giant cockroaches
  10 goblins
  8 hobgoblins
  14 jackals
  9 kobolds
  7 bats
  9 frilled lizards
  11 rats
  A fungus (D:3)
100 creatures vanquished.

Vanquished Creatures (others)
  2 starspawn tentacles (Abyss:1)
2 creatures vanquished.

Grand Total: 102 creatures vanquished

Notes
Turn   | Place    | Note
-------+----------+-------------------------------------------
     0 | Abyss:1  | thirtiethelement the Demonspawn Abyssal Knight began the
                  | quest for the Orb.
     0 | Abyss:1  | Reached XP level 1. HP: 18/18 MP: 2/2
    49 | Abyss:1  | Noticed a starcursed mass
    65 | Abyss:1  | Noticed a tentacled starspawn
    69 | Abyss:1  | Noticed a glowing orange brain
    75 | Abyss:1  | Noticed an ancient zyme
   182 | Abyss:3  | Found a corrupted altar of Lugonu.
   211 | Abyss:3  | Noticed a large abomination
   229 | D:1      | Escaped the Abyss
   541 | D:1      | Reached skill level 1 in Dodging
   654 | D:1      | Gained mutation: Your flesh is cold resistant. (rC+)
                  | [demonic ancestry]
   654 | D:1      | Reached XP level 2. HP: 24/24 MP: 3/3
   833 | D:1      | Reached * piety under Lugonu
   988 | D:1      | Got a pitted dagger
   989 | D:1      | Identified the +7 dagger "Exoskow" {freeze, Stlth+} (You
                  | found it on level 1 of the Dungeon)
  1295 | D:2      | Reached XP level 3. HP: 29/29 MP: 5/5
  2176 | D:3      | Reached ** piety under Lugonu
  2189 | D:3      | Found a blossoming altar of Fedhas.
  2256 | D:3      | Reached XP level 4. HP: 36/36 MP: 6/6
  2398 | D:3      | Reached skill level 1 in Short Blades
  2732 | D:4      | Found a staircase to the Ecumenical Temple.
  2767 | D:4      | Gained mutation: You are surrounded by a mild repulsion
                  | field. (EV +2) [demonic ancestry]
  2767 | D:4      | Reached XP level 5. HP: 42/42 MP: 7/7
  2787 | D:4      | Reached skill level 1 in Stealth
  2818 | D:4      | Found a glowing drain.
  2838 | Sewer    | Entered a sewer
  2961 | Sewer    | Found a white marble altar of Elyvilon.
  3120 | D:4      | Noticed Edmund
  3127 | D:4      | Gained mutation: You have a pair of small horns on your
                  | head. [demonic ancestry]
  3127 | D:4      | Reached XP level 6. HP: 30/48 MP: 8/8
  3128 | D:4      | Reached *** piety under Lugonu
  3138 | D:4      | Killed Edmund
  3523 | D:4      | Noticed a slave
  3525 | D:4      | Noticed Pikel
  3526 | D:4      | Noticed a slave
  3527 | D:4      | Noticed a slave
  3527 | D:4      | Noticed a slave
  3564 | D:4      | Killed Pikel
  3564 | D:4      | Gained mutation: You regenerate a little health from kills.
                  | [demonic ancestry]
  3564 | D:4      | Reached XP level 7. HP: 36/55 MP: 9/9
  3625 | D:4      | Gained mutation: You are dopey. (Int -2) [potion of
                  | mutation]
  3625 | D:4      | Gained mutation: Your skin changes colour to match your
                  | surroundings (Stealth+). [potion of mutation]
  3780 | D:4      | Noticed Duvessa
  3782 | D:4      | Noticed Dowan
  3822 | D:4      | HP: 2/55 [Duvessa/+0 short sword (5)]
  3824 | D:4      | Killed Duvessa
  3824 | D:4      | Gained mutation: You regenerate health from kills. [demonic
                  | ancestry]
  3824 | D:4      | Reached XP level 8. HP: 3/61 MP: 10/10
  3825 | D:4      | Killed from afar by Dowan

Illustrated notes

Levels and vault maps discovered:
D:1:      elethiomel_arrival_maze, layout_loops_corners, minivault_5
D:2:      layout_rooms, first_ration
D:3:      layout_loops_ring, fedhas_altar_3
D:4:      layout_gridville, minmay_temple_entry_hall, lightli_sewer_entry_pipes,
          kennysheep_big_empty_room, minmay_misc_feat_diagonals,
          grunt_ministairs_13, uniq_pikel, uniq_duvessa, uniq_edmund

Skill      XL: |  1  2  3  4  5  6 |
---------------+-------------------+-----
Dodging        | 1 2 3 |  3.9
Long Blades    | 2 |  2.6
Armour         | 2 3 |  3.3
Short Blades   | 1 2 4 |  4.5
Stealth        | 1 2 |  2.8
Fighting       | 4 |  4.8
Throwing       | |  0.4
Invocations    | |  2.6
Evocations     | |  0.1

Action                   |  1- 3 |  4- 6 |  7- 9 || total
-------------------------+-------+-------+-------++-------
Melee: Long sword        |    30 |       |       ||    30
       Falchion          |     1 |       |       ||     1
       Dagger            |    64 |   157 |    34 ||   255
       Headbutt          |       |     4 |     9 ||    13
Throw: Boomerang         |     5 |       |       ||     5
Invok: Depart the Abyss  |     1 |       |       ||     1
Evoke: Wand              |       |       |     5 ||     5
  Use: Scroll            |    10 |     1 |     2 ||    13
       Potion            |       |     6 |     2 ||     8
 Stab: Sleeping          |     3 |     4 |     2 ||     9
  Eat: Ration            |     2 |     1 |       ||     3
Armor: Leather armour    |    52 |    32 |       ||    84
       Ring mail         |       |     6 |     8 ||    14
Dodge: Dodged            |    85 |   116 |    20 ||   221
       Rpst.: Long sword |    11 |       |       ||    11

Table legend:
 A = Non-vault XP
 B = Vault XP
 C = Vault XP percentage of total XP
 D = Non-vault monster count
 E = Vault monster count
 F = Vault count percentage of total count
                 A         B        C        D         E       F
            +---------+---------+-------+---------+---------+-------
      Total |     360 |    1104 |  75.4 |      77 |      22 |  22.2
            +---------+---------+-------+---------+---------+-------
        D:1 |      37 |       0 |   0.0 |      18 |       0 |   0.0
        D:2 |      50 |       0 |   0.0 |      23 |       0 |   0.0
        D:3 |      90 |       0 |   0.0 |      21 |       0 |   0.0
        D:4 |     183 |     978 |  84.2 |      15 |      11 |  42.3
      Sewer |       0 |     126 | 100.0 |       0 |      11 | 100.0
            +---------+---------+-------+---------+---------+-------
